 Dungeon Crawl Stone Soup version 0.20.1-1-g8b1a95d (webtiles) character file.

1591 Darg the Nimble (level 8, -5/38 HPs)
             Began as a Felid Transmuter on July 5, 2017.
             Was an Initiate of Nemelex Xobeh.
             Slain by an orc priest
             ... wielding a +0 morningstar
              (9 damage)
             ... on level 8 of the Dungeon.
             The game lasted 00:37:44 (10408 turns).

Darg the Nimble (Felid Transmuter)                 Turns: 10408, Time: 00:37:44

Health: -5/38      AC:  2    Str:  7    XL:     8   Next: 61%
Magic:  0/14       EV: 30    Int: 14    God:    Nemelex Xobeh [......]
Gold:   485        SH:  0    Dex: 25    Spells: 3/14 levels left
                                        Lives:  0   Deaths: 2

rFire    . . .     SeeInvis +     - Unarmed
rCold    . . .     Gourm    .   (shield unavailable)
rNeg     . . .     Faith    .   (armour unavailable)
rPois    x         Spirit   +   (helmet unavailable)
rElec    .         Reflect  .   (cloak unavailable)
rCorr    .         Harm     .   (gloves unavailable)
MR       +....                  (boots unavailable)
Stlth    ++........             e - amulet of guardian spirit
Regen    0.2/turn               o - ring of flight
MPRegen  0.2/turn               (no ring)

@: spider-form
A: no armour, no weapons or thrown items, stealth, see invisible, agile 1,
carnivore 3, screaming 1, slow metabolism 1
a: End Transformation, Renounce Religion, Evoke Flight


You were on level 8 of the Dungeon.
You worshipped Nemelex Xobeh.
Nemelex Xobeh was noncommittal.
You were completely stuffed.
You were a venomous arachnid creature.
You visited 2 branches of the dungeon, and saw 9 of its levels.

You collected 485 gold pieces.

Inventory:

Jewellery
 e - an amulet of guardian spirit (around neck)
 o - a ring of flight (left front leg)
Wands
 f - a wand of iceblast (8/15)
 h - a wand of acid (4/15)
 q - a wand of lightning (12/15)
 r - a wand of random effects (21/48)
 u - a wand of flame (28/48)
Scrolls
 d - 7 scrolls of remove curse
 g - a scroll of fear
 i - 2 scrolls of fog
 j - a scroll of recharging
 n - 2 scrolls of teleportation
 t - 4 scrolls of identify
Books
 a - a book of Misfortune

   Spells                             Type                      Level
   a - Confusing Touch                Hexes                        1
   b - Confuse                        Hexes                        3
   c - Gell's Gravitas                Translocation                3
   d - Petrify                        Transmutation/Earth          4
   e - Metabolic Englaciation         Hexes/Ice                    5
   f - Yara's Violent Unravelling     Hexes/Transmutation          5
 b - a book of Changes

   Spells                             Type                      Level
   a - Beastly Appendage              Transmutation                1
   b - Sticks to Snakes               Transmutation                2
   c - Spider Form                    Transmutation/Poison         3
   d - Ice Form                       Ice/Transmutation            4
   e - Blade Hands                    Transmutation                5
 v - a book of Battle

   Spells                             Type                      Level
   a - Infusion                       Charms                       1
   b - Shroud of Golubria             Charms/Translocation         2
   c - Song of Slaying                Charms                       2
   d - Spectral Weapon                Hexes/Charms                 3
   e - Regeneration                   Charms/Necromancy            3
Miscellaneous
 m - an ornate deck of destruction
Comestibles
 c - 8 meat rations
 k - 4 royal jellies


   Skills:
 + Level 6.0 Fighting
 - Level 8.0 Dodging
 - Level 7.1 Unarmed Combat
 * Level 3.9 Spellcasting
 * Level 5.6 Transmutations
 - Level 1.0 Poison Magic


You had 3 spell levels left.
You knew the following spells:

 Your Spells              Type           Power        Failure   Level  Hunger
a - Beastly Appendage     Tmut           ###...       8%          1    None
b - Spider Form           Tmut/Pois      ##........   32%         3    ###....
c - Regeneration          Chrm/Necr      #.........   73%         3    ###....
d - Ice Form              Ice/Tmut       ##......     73%         4    ####...


Dungeon Overview and Level Annotations

Branches:
Dungeon (8/15)             Temple (1/1) D:7
   Lair: D:8-11

Altars:
Ashenzari
Cheibriados
Dithmenos
Elyvilon
Fedhas
Gozag
Hepliaklqana
Kikubaaqudgha
Makhleb
Nemelex Xobeh
Okawaru
Ru
Trog
Uskayaw
Vehumet
Xom
Yredelemnul
Zin
The Shining One

Shops:
D:5 (


Innate Abilities, Weirdness & Mutations

You cannot wear armour.
You are incapable of wielding weapons or throwing items.
Your paws allow you to move quietly. (Stealth)
((You have sharp claws.))
((You have razor-sharp teeth.))
You have supernaturally acute eyesight. (SInv)
You are carnivorous and can eat meat at any time.
((You cover ground quickly.))
((You are covered in thick fur. (AC +2)))
You have a slow metabolism.
((Your sharp claws are effective at attacking unaware monsters.))
You are agile. (Dex +2)
You occasionally shout uncontrollably at your foes.


Message History

Casting: Spider Form
Confirm with . or Enter, or press ? or * to list all spells.
You turn into a venomous arachnid creature.
The orc priest calls down the wrath of Beogh upon you.
Beogh smites you!
The orc priest mumbles some strange prayers to Beogh against you.
Beogh smites you!
An orc comes into view. It is wielding a club.
The orc shouts!
You are too injured to fight recklessly!
You are too injured to fight recklessly!
The orc priest mumbles some strange prayers to Beogh against you.
Beogh smites you!
* * * LOW HITPOINT WARNING * * *
Found 20 gold pieces.
The orc priest completely misses you.
You hit the orc priest but do no damage.
The orc priest hits you with a morningstar!
You die...
Your body disappears without a glow.

..#########...###.#
#....#.#
<...........#.# #.#
###......#
#####..######.#
#.#####.......##
.......... #.#
#.#.......##..#
.>...#####.# ..
#...)....###.##
........## #.
#....##### #.#
##^.....##$.##.##..###
#.#
##...##...#........####
#.#
...#....#(..#...s.....#
..# .######.#
#....oo..##.# ### ##
#......##..##.# .##...
#..##r# ...# ....#.#
#### ........ .........
....>...... .....


You could see an orc priest and an orc.

Vanquished Creatures
  Menkaure (D:6)
  A water moccasin (D:7)
  2 ice beasts
  A black bear (D:7)
  An ogre (D:8)
  A phantom (D:8)
  The ghost of PhoenticPhoenix the Skirmisher, an amateur DsAK of Lugonu (D:3)
  A centaur (D:6)
  A big kobold (D:8)
  2 bullfrogs
  A wyvern zombie (D:7)
  3 scorpions
  3 howler monkeys
  A jelly (D:7)
  3 hounds
  A centaur skeleton (D:4)
  2 orc priests
  2 bullfrog skeletons
  5 orc wizards
  6 worker ants
  A killer bee zombie (D:7)
  A hound zombie (D:8)
  A hound skeleton (D:4)
  A howler monkey zombie (D:8)
  A worker ant zombie (D:7)
  Robin (D:4)
  15 adders
  5 gnolls
  2 oozes
  A worm (D:3)
  A dart slug (D:3)
  4 leopard geckos
  25 orcs
  A ball python (D:5)
  6 bats
  13 giant cockroaches
  26 goblins
  6 hobgoblins
  8 jackals
  4 quokkas
  6 frilled lizards
  8 kobolds
  5 rats
181 creatures vanquished.

Notes
Turn   | Place    | Note
-------+----------+-------------------------------------------
     0 | D:1      | Darg the Felid Transmuter began the quest for the Orb.
     0 | D:1      | Reached XP level 1. HP: 9/9 MP: 4/4
   343 | D:1      | Reached XP level 2. HP: 9/13 MP: 6/6
   450 | D:1      | Reached skill level 3 in Dodging
  1150 | D:2      | Found a shattered altar of Ashenzari.
  1194 | D:2      | Reached XP level 3. HP: 9/16 MP: 2/7
  1801 | D:2      | Learned a level 3 spell: Spider Form
  1818 | D:2      | Reached XP level 4. HP: 14/20 MP: 5/8
  2773 | D:3      | Reached skill level 4 in Dodging
  2994 | D:3      | Noticed PhoenticPhoenix's ghost (amateur DsAK)
  3002 | D:3      | Slain by an adder
  3003 | D:3      | Reached XP level 3. HP: -2/17 MP: 0/7
  3234 | D:3      | Killed PhoenticPhoenix's ghost
  3234 | D:3      | Reached XP level 4. HP: 12/22 MP: 2/8
  3234 | D:3      | Reached XP level 5. HP: 13/25 MP: 2/9
  4623 | D:3      | Found a glowing silver altar of Zin.
  4684 | D:3      | Gained mutation: You occasionally shout uncontrollably at your foes. [potion of mutation]
  4684 | D:3      | Gained mutation: You are agile. (Dex +2) [potion of mutation]
  4987 | D:4      | Gained mutation: You are covered in thick fur. (AC +2) [Felid growth]
  4987 | D:4      | Reached XP level 6. HP: 28/28 MP: 7/11
  5043 | D:4      | Reached skill level 5 in Dodging
  5383 | D:4      | Reached skill level 1 in Poison Magic
  5533 | D:4      | Noticed Robin
  5563 | D:4      | Killed Robin
  5563 | D:4      | Reached XP level 7. HP: 27/32 MP: 6/12
  5760 | D:4      | Found a hide-covered altar of Uskayaw.
  5893 | D:5      | Entered Level 5 of the Dungeon
  5949 | D:5      | HP: 1/32 [ice beast (7)]
  6748 | D:5      | Found Myerch's Antique Weapon Shoppe.
  7013 | D:5      | Found an iron altar of Okawaru.
  7077 | D:5      | Found a burning altar of Makhleb.
  7084 | D:5      | Reached skill level 6 in Dodging
  7286 | D:5      | Found an ancient bone altar of Kikubaaqudgha.
  7436 | D:6      | Reached skill level 5 in Unarmed Combat
  7467 | D:6      | Found a white marble altar of Elyvilon.
  7591 | D:6      | Reached skill level 5 in Transmutations
  7591 | D:6      | Reached XP level 8. HP: 17/36 MP: 6/14
  7777 | D:6      | Noticed Menkaure
  7793 | D:6      | Killed Menkaure
  8030 | D:6      | Found a shadowy altar of Dithmenos.
  8204 | D:6      | Found a bloodstained altar of Trog.
  8480 | D:7      | Reached skill level 5 in Fighting
  8559 | D:7      | HP: 1/37 [black bear (4)]
  8559 | D:7      | Slain by an orc wizard
  8560 | D:7      | Reached XP level 7. HP: -1/33 MP: 0/13
  8567 | D:7      | Reached skill level 7 in Dodging
  9070 | D:7      | Found a staircase to the Ecumenical Temple.
  9079 | Temple   | Entered the Ecumenical Temple
  9090 | Temple   | Became a worshipper of Nemelex Xobeh the Trickster
  9163 | D:7      | Learned a level 3 spell: Regeneration
  9168 | D:7      | Learned a level 4 spell: Ice Form
  9286 | D:7      | Reached XP level 8. HP: 38/38 MP: 2/14
  9396 | D:7      | Received a gift from Nemelex Xobeh
  9424 | D:7      | Found a blossoming altar of Fedhas.
  9836 | D:8      | Reached skill level 8 in Dodging
 10056 | D:8      | Found a sacrificial altar of Ru.
 10408 | D:8      | Slain by an orc priest

Skill      XL: |  1  2  3  4  5  6  7  8 |
---------------+-------------------------+-----
Dodging        | 3 4 5 7 8 |  8.0
Fighting       | 2 4 3 6 |  6.0
Unarmed Combat | 4 5 7 |  7.1
Spellcasting   | 3 |  3.9
Transmutations | 3 5 |  5.6
Poison Magic   | 1 |  1.0

Action                   |  1- 3 |  4- 6 |  7- 9 || total
-------------------------+-------+-------+-------++-------
Melee: Unarmed           |   106 |   250 |   335 ||   691
       Headbutt          |     5 |     6 |     9 ||    20
       Bite              |     8 |    11 |    14 ||    33
       Punch             |       |     4 |     4 ||     8
 Cast: Beastly Appendage |     5 |     5 |     9 ||    19
       Spider Form       |     1 |    17 |    24 ||    42
 Abil: End Transformatio |       |     4 |       ||     4
  Use: Scroll            |       |    10 |     7 ||    17
       Potion            |       |     4 |     6 ||    10
 Stab: Sleeping          |     5 |     3 |     1 ||     9
  Eat: Chunk             |     9 |    15 |    17 ||    41
Armor: Skin              |     5 |    18 |    12 ||    35
Dodge: Dodged            |    67 |   225 |   347 ||   639
